Map: [ESL] Site Delta

Players

GuMiho

  • Race: Terran Terran
  • Spawn Location: 11:00

ONSYDESolar (Solar) - Winner!

  • Race: Zerg Zerg
  • League: Master
  • Spawn Location: 5:00

VOD

Have the link to the VOD?

Description

Time

  • Played on: Dec. 29, 2023, 6:54 a.m.
  • Length: 14:34
Show
View Real Time Build Order
Export as new Build Order

GuMiho Terran 

Build Orders:  

Get SALT Encoding   

  12  0:00  SCV  
  13  0:12  SCV  
  14  0:17  Supply Depot  
  14  0:24  SCV  
  15  0:39  SCV  
  15  0:41  Barracks  
  16  0:43  Refinery  
  16  0:51  SCV  
  17  0:59  Barracks  
  17  1:03  SCV  
  18  1:15  SCV  
  19  1:27  Reaper  
  19  1:28  Orbital Command  
  19  1:31  Supply Depot  
  20  1:46  Reaper  
  21  1:53  SCV  
  22  2:02  Reaper  
  22  2:05  SCV  
  24  2:10  Command Center  
  24  2:15  Refinery  
  24  2:18  SCV  
  24  2:20  Reaper  
  26  2:30  SCV  
  27  2:42  SCV  
  27  2:50  Command Center  
  27  2:54  SCV  
  28  3:00  Factory  
  28  3:01  Barracks Reactor  
  28  3:05  Barracks Tech Lab  
  28  3:06  SCV  
  29  3:18  SCV  
  30  3:23  Orbital Command  
  30  3:26  Marine  
  31  3:27  Stimpack  
  31  3:31  SCV  
  32  3:43  SCV  
  32  3:45  Starport, Marine x3  
  32  3:48  Widow Mine  
  38  3:51  SCV  
  38  3:55  SCV  
  40  3:59  Supply Depot  
  40  4:03  SCV  
  40  4:05  Orbital Command  
  40  4:08  SCV  
  42  4:10  Widow Mine  
  42  4:12  Marine  
  42  4:14  Marine  
  42  4:16  Marine  
  47  4:19  SCV  
  47  4:20  SCV  
  47  4:22  Medivac  
  51  4:28  Armory  
  51  4:32  Supply Depot  
  51  4:33  SCV  
  51  4:34  SCV  
  51  4:35  SCV  
  54  4:39  Marine  
  54  4:42  Hellion  
  54  4:43  Hellion  
  59  4:47  SCV x2  
  59  4:48  SCV  
  59  4:52  Barracks Reactor  
  62  4:54  Supply Depot, Starport Reactor  
  62  4:59  SCV  
  64  5:00  SCV x2, Marine  
  64  5:05  Hellion  
  64  5:06  Hellion  
  70  5:09  Engineering Bay  
  70  5:11  Engineering Bay  
  70  5:16  Supply Depot  
  70  5:17  Orbital Command, SCV x2, Marine  
  70  5:20  Refinery  
  73  5:21  Refinery  
  73  5:23  Supply Depot  
  73  5:24  Combat Shield  
  73  5:29  SCV x2  
  73  5:33  Supply Depot, Marine x2  
  73  5:35  Marine  
  77  5:38  Hellion x2  
  82  5:47  SCV x3  
  82  5:48  Terran Infantry Weapons Level 1, Terran Infantry Armor Level 1  
  85  5:54  Supply Depot  
  85  5:55  Marine x2  
  85  5:56  Marine  
  88  5:59  SCV  
  88  6:01  Medivac  
  91  6:07  SCV x2  
  91  6:09  Medivac  
  91  6:11  SCV  
  96  6:12  Barracks  
  96  6:13  Marine x2  
  96  6:15  Barracks  
  96  6:17  Barracks  
  98  6:22  Supply Depot  
  98  6:23  Supply Depot  
  98  6:26  SCV  
  98  6:27  SCV x2  
  98  6:29  Marine  
  98  6:31  Marine  
  107  6:40  Hellion x2  
  107  6:41  Medivac x2  
  107  6:44  SCV x3  
  112  6:51  Supply Depot  
  110  6:55  Supply Depot x2  
  110  6:56  SCV x2  
  112  7:01  Marine x2  
  112  7:03  Barracks Reactor x2  
  112  7:04  Supply Depot, Barracks Reactor  
  112  7:06  Marine  
  115  7:09  Widow Mine x2  
  115  7:11  SCV x3  
  115  7:14  Medivac  
  124  7:22  Marine x2  
  126  7:24  Marine  
  127  7:30  Widow Mine x2  
  127  7:34  SCV x2  
  127  7:35  SCV  
  134  7:37  Barracks  
  134  7:40  Marine x2, Barracks  
  134  7:41  Barracks  
  134  7:42  Marine  
  134  7:43  Terran Infantry Weapons Level 2  
  137  7:45  Terran Infantry Armor Level 2  
  137  7:49  Marine x3  
  137  7:50  Marine  
  126  7:51  Marine x2  
  126  7:53  Widow Mine x2  
  126  7:58  Supply Depot x2, Marine x2  
  134  8:00  Marine  
  134  8:01  Supply Depot  
  135  8:07  Marine x4  
  135  8:18  Marauder  
  124  8:21  Marine x3  
  124  8:22  Marine  
  124  8:25  Barracks Tech Lab, Marine x2  
  124  8:26  Barracks Tech Lab  
  129  8:28  Barracks Tech Lab  
  129  8:30  Marine x2, Command Center  
  131  8:35  Widow Mine, Medivac  
  131  8:36  Widow Mine  
  131  8:39  Marine x4  
  131  8:40  Concussive Shells, Marauder  
  143  8:45  Marine x2, Marauder x2  
  143  8:47  Marine  
  143  8:48  Marine x2  
  150  8:57  Marine x4  
  150  9:01  Marauder  
  156  9:03  Marine x2  
  156  9:06  Marine x2, Marauder  
  158  9:12  Marine  
  158  9:13  Marauder  
  158  9:14  Marine  
  158  9:15  Marine x3, Widow Mine x2  
  161  9:19  Supply Depot  
  161  9:20  Supply Depot, Marine  
  161  9:21  Marine  
  161  9:22  Marine  
  161  9:24  Marine, Marauder  
  164  9:27  Marauder  
  164  9:30  Marine  
  170  9:32  Marine x2  
  170  9:33  Marine x3  
  170  9:36  Medivac  
  177  9:38  Marine x2  
  177  9:40  Marauder, Medivac  
  177  9:43  Marine  
  184  9:46  Marauder  
  184  9:48  Marine x2  
  184  9:50  Marine x2  
  184  9:52  Marauder  
  192  9:58  Marine x2  
  194  10:00  Marine x2  
  194  10:02  Marauder  
  194  10:06  Marauder, Terran Infantry Weapons Level 3  
  200  10:30  Terran Infantry Armor Level 3  
  200  10:32  Planetary Fortress  
  200  10:34  Command Center  
  200  10:50  Refinery  
  200  10:52  Refinery  
  200  10:58  Barracks x3  
  200  11:00  Barracks  
  200  11:01  Marine, Marauder  
  200  11:04  Widow Mine x2, Medivac x2  
  194  11:05  Marine x2, Marauder  
  184  11:13  Marine x6  
  184  11:14  Marauder  
  188  11:19  Marine  
  188  11:23  Marine x2, Marauder  
  189  11:27  Marauder  
  189  11:31  Marine x2  
  189  11:32  Marine, Marauder  
  185  11:34  Marine  
  185  11:35  Marauder  
  185  11:38  Marine x2  
  173  11:40  Marine, Widow Mine  
  173  11:41  Marine  
  173  11:44  Marauder  
  163  11:48  Marauder  
  163  11:49  Marine x3  
  163  11:52  Marine  
  163  11:53  Marauder  
  155  11:56  Marine, Marauder  
  155  12:00  Barracks Tech Lab x4, Medivac  
  158  12:02  Medivac  
  158  12:06  Marauder  
  158  12:09  Marauder  
  158  12:10  Marine  
  158  12:11  Marine  
  158  12:12  Marine x2  
  158  12:15  Marauder  
  160  12:18  Marauder  
  160  12:19  Fusion Core  
  160  12:20  Marauder  
  164  12:26  Marine  
  164  12:27  Marine, Marauder x2  
  164  12:29  Marine, Marauder  
  173  12:30  Medivac  
  173  12:31  Marauder  
  173  12:32  Marine x2, Marauder  
  173  12:36  Marauder  
  181  12:37  Marine  
  181  12:38  Medivac  
  181  12:39  Marauder  
  181  12:41  Marauder  
  181  12:43  Marine  
  181  12:44  Marine x2  
  177  12:47  Widow Mine x2  
  177  12:48  Marauder  
  168  13:00  Medivac  
  168  13:02  Marine x8, Marauder  
  168  13:03  Marine, Marauder  
  168  13:04  Marauder  
  173  13:06  Marine  
  173  13:08  Planetary Fortress  
  173  13:11  Marine x2  
  172  13:16  Marauder  
  174  13:20  Marine  
  173  13:29  Marine x2  
  173  13:30  Marauder x2  
  173  13:31  Widow Mine  
  173  13:32  Widow Mine  
  183  13:38  Marine, Marauder  
  169  13:51  Marine x8, Marauder x5  
  169  13:54  Marauder  
Show
View Real Time Build Order
Export as new Build Order

ONSYDESolar Zerg - Winner!

Build Orders: Hatch First, Lurkers 

Get SALT Encoding   

  12  0:00  Drone  
  13  0:12  Overlord  
  13  0:17  Drone  
  14  0:31  Drone x2  
  16  0:47  Hatchery  
  15  0:51  Drone  
  15  0:54  Drone  
  17  0:58  Drone  
  18  1:08  Extractor  
  17  1:13  Spawning Pool  
  17  1:16  Drone  
  17  1:18  Drone  
  18  1:28  Drone  
  19  1:39  Drone  
  20  1:50  Drone  
  21  1:59  Queen x2  
  21  2:00  Zergling x4  
  27  2:11  Zergling x2  
  27  2:13  Overlord, Metabolic Boost  
  28  2:32  Hatchery, Drone x2  
  29  2:39  Drone  
  29  2:43  Queen  
  32  2:47  Overlord  
  32  2:50  Zergling x2  
  33  2:52  Drone  
  33  2:55  Zergling x2  
  33  2:57  Zergling x2  
  36  3:06  Zergling x2  
  36  3:07  Zergling x2  
  38  3:16  Drone x2  
  40  3:20  Drone x3  
  40  3:24  Overlord  
  40  3:25  Queen  
  40  3:26  Extractor  
  45  3:30  Overlord  
  45  3:44  Drone x3  
  45  3:48  Queen  
  48  3:50  Drone  
  48  3:51  Queen  
  48  3:53  Drone  
  54  3:58  Drone x3  
  54  4:01  Drone x3  
  60  4:03  Drone x2  
  60  4:06  Overlord  
  60  4:09  Drone  
  63  4:14  Drone  
  64  4:17  Drone x2  
  64  4:20  Extractor  
  65  4:26  Drone  
  65  4:27  Queen  
  65  4:30  Queen  
  70  4:32  Drone x3, Overlord  
  70  4:33  Drone  
  70  4:35  Overlord  
  73  4:41  Overlord  
  73  4:46  Baneling Nest  
  73  4:49  Drone  
  73  4:50  Drone x2  
  73  4:51  Drone x5  
  80  4:56  Extractor  
  80  4:57  Overlord  
  81  5:00  Drone x4  
  81  5:02  Drone  
  81  5:03  Drone x2  
  86  5:08  Queen  
  86  5:12  Zergling x6  
  91  5:16  Lair  
  91  5:18  Zergling x8  
  91  5:20  Extractor  
  94  5:21  Overlord  
  94  5:23  Zergling x2  
  94  5:27  Zergling x2  
  96  5:32  Hatchery  
  96  5:33  Baneling x8  
  96  5:35  Zergling x4  
  97  5:36  Drone  
  93  5:45  Spore Crawler  
  93  5:46  Drone x3  
  93  5:47  Drone  
  91  5:51  Spore Crawler, Drone, Evolution Chamber x2  
  91  5:53  Drone x2  
  91  5:57  Baneling  
  91  5:58  Baneling, Drone  
  91  5:59  Drone  
  91  6:00  Drone  
  91  6:02  Drone  
  91  6:03  Drone  
  96  6:08  Drone x4  
  100  6:11  Overlord  
  100  6:13  Drone  
  100  6:15  Centrifugal Hooks  
  100  6:16  Overseer  
  100  6:18  Drone  
  102  6:21  Zerg Melee Weapons Level 1  
  102  6:23  Zerg Ground Armor Level 1  
  102  6:25  Drone  
  103  6:28  Drone x2  
  103  6:31  Zergling x6  
  108  6:35  Zergling x6  
  111  6:41  Zergling x4  
  111  6:44  Overlord  
  112  6:48  Drone x6  
  112  6:49  Drone  
  112  6:52  Extractor  
  112  6:53  Drone x3  
  120  6:56  Drone  
  120  6:57  Hydralisk Den  
  120  6:59  Drone  
  120  7:00  Drone x2  
  123  7:01  Baneling x2  
  123  7:03  Drone  
  123  7:05  Extractor  
  123  7:06  Zergling x2  
  124  7:10  Zergling x4  
  124  7:13  Zergling x2  
  127  7:16  Overlord  
  127  7:20  Overlord x2  
  127  7:21  Drone x3  
  130  7:23  Zergling x6  
  132  7:30  Zergling x6  
  132  7:31  Overlord  
  132  7:34  Overlord  
  132  7:35  Baneling x2  
  135  7:38  Grooved Spines  
  135  7:42  Hydralisk x6  
  147  7:45  Overlord  
  147  7:51  Zergling x10  
  145  7:57  Baneling x2  
  145  7:58  Baneling x6  
  145  7:59  Overlord  
  145  8:00  Overlord, Hydralisk x4  
  145  8:04  Zergling x2  
  154  8:10  Zergling x2  
  154  8:11  Zergling x8  
  155  8:16  Zergling x10  
  155  8:17  Hatchery  
  147  8:23  Drone x2  
  147  8:25  Zerg Melee Weapons Level 2, Zerg Ground Armor Level 2  
  147  8:26  Pneumatized Carapace  
  149  8:27  Overseer  
  149  8:28  Hydralisk x3  
  149  8:30  Baneling x2  
  149  8:31  Baneling x5  
  149  8:32  Zergling x14  
  162  8:38  Zergling x6  
  162  8:39  Extractor  
  164  8:42  Zergling x4  
  164  8:45  Infestation Pit  
  164  8:46  Zergling x2, Muscular Augments  
  164  8:47  Zergling x8  
  170  8:50  Overlord  
  170  8:51  Drone  
  171  8:55  Baneling x6  
  171  8:56  Zergling x2  
  171  8:59  Hydralisk  
  171  9:02  Zergling x10  
  158  9:13  Zergling x22  
  166  9:17  Hydralisk  
  166  9:22  Baneling x6, Hive  
  170  9:24  Zergling x6  
  170  9:28  Drone  
  170  9:29  Hydralisk  
  174  9:36  Zergling x10  
  174  9:38  Lurker Den  
  178  9:39  Baneling x7  
  178  9:40  Zergling x6  
  178  9:42  Drone  
  178  9:44  Zergling x6  
  185  9:45  Baneling  
  185  9:46  Baneling x2  
  185  9:47  Drone  
  185  9:50  Spore Crawler, Drone x2  
  185  9:51  Zergling x12  
  193  9:59  Zergling x2  
  196  10:00  Zergling x4  
  196  10:02  Zergling x6  
  194  10:18  Zergling x14  
  194  10:20  Baneling x6  
  198  10:21  Zergling x6  
  199  10:38  Zergling x4  
  199  10:48  Zerg Ground Armor Level 3, Zerg Missile Weapons Level 1  
  197  10:53  Baneling x6  
  197  10:55  Baneling x12  
  197  10:56  Zergling x12  
  199  11:00  Hydralisk  
  199  11:01  Zergling x2, Hydralisk  
  199  11:02  Zergling x12  
  197  11:04  Adrenal Glands  
  197  11:05  Seismic Spines  
  184  11:12  Zergling x2  
  184  11:13  Zergling x28  
  184  11:15  Overlord x2  
  184  11:18  Overlord  
  175  11:27  Zergling x6  
  175  11:30  Zergling x2  
  169  11:34  Viper  
  169  11:35  Viper  
  169  11:36  Zergling x2, Queen  
  165  11:42  Hydralisk x2  
  165  11:46  Zergling x4  
  152  11:52  Zergling x20  
  152  11:53  Hatchery  
  156  11:56  Zergling x2  
  156  11:59  Zergling x4  
  159  12:03  Zergling x2  
  159  12:04  Extractor  
  159  12:07  Zergling x2  
  159  12:11  Zergling x2  
  159  12:12  Hatchery, Zergling x2  
  156  12:16  Adaptive Talons  
  156  12:17  Drone x2  
  156  12:21  Lurker x7  
  156  12:22  Zergling x20  
  175  12:26  Overseer  
  175  12:30  Hydralisk x2  
  175  12:31  Zergling x2  
  175  12:33  Baneling x6  
  175  12:34  Zergling x4  
  169  12:45  Zergling x8  
  169  12:49  Hydralisk x3  
  169  12:50  Zergling x2  
  172  12:52  Overlord x2  
  172  12:53  Zergling x10  
  172  12:54  Hydralisk x5  
  170  12:59  Drone x2  
  170  13:03  Zergling x2  
  166  13:05  Overseer  
  166  13:07  Zergling x6  
  166  13:09  Hatchery  
  166  13:12  Lurker x5  
  172  13:13  Zergling x2  
  172  13:14  Baneling x2  
  172  13:15  Baneling  
  172  13:18  Zergling x6  
  167  13:21  Hydralisk  
  167  13:25  Baneling x2  
  167  13:26  Hydralisk x2  
  170  13:29  Lurker x5  
  170  13:31  Zergling x2  
  175  13:39  Zergling x14  
  175  13:47  Zergling x14  
  172  13:52  Zergling x12  
  171  14:01  Drone x2  
  171  14:02  Hydralisk  
  172  14:09  Zergling x4  
  153  14:17  Zergling x2  
Tags
 
Composition
Lurkers
League
Master
Matchup
TvZ
Replay Pack
December 2023
Spawn Locations
Cross Positions
Add a new tag
Caveats
  • Supply blocks, unpowered buildings, or Contaminate may cause inaccurate times.
  • Supply counts are checked every 10 seconds.